 Dungeon Crawl Stone Soup version 0.22-a0-160-gcc81d7a (webtiles) character file.

76 Borgoz the Skirmisher (level 4, -2/41 HPs)
             Began as a Hill Orc Abyssal Knight on Feb 10, 2018.
             Was a Believer of Lugonu.
             Slain by a gnoll
             ... wielding a +0 halberd
              (5 damage)
             ... on level 2 of the Dungeon.
             The game lasted 00:02:42 (1750 turns).

Borgoz the Skirmisher (Hill Orc Abyssal Knight)     Turns: 1750, Time: 00:02:42

Health: -2/41      AC:  4    Str: 14    XL:     4   Next: 32%
Magic:  6/6        EV: 11    Int: 12    God:    Lugonu [**....]
Gold:   87         SH:  0    Dex: 11    Spells: 3/3 levels left

rFire    . . .     SeeInvis .   a - +1 hand axe
rCold    . . .     Gourm    .   (no shield)
rNeg     . . .     Faith    .   o - +0 leather armour
rPois    .         Spirit   .   (no helmet)
rElec    .         Reflect  .   (no cloak)
rCorr    .         Harm     .   e - +0 pair of gloves
MR       .....                  (no boots)
Stlth    +.........             (no amulet)
HPRegen  0.13/turn              (no ring)
MPRegen  0.10/turn              (no ring)

@: hasted, very quick
A: no striking features
a: Depart the Abyss, Bend Space, Renounce Religion


You were on level 2 of the Dungeon.
You worshipped Lugonu.
Lugonu was pleased with you.
You were not hungry.

You visited 1 branch of the dungeon, and saw 2 of its levels.
You visited the Abyss 1 time.

You collected 87 gold pieces.

Inventory:

Hand Weapons
 a - a +1 hand axe (weapon)
 b - a +1 mace of protection
Armour
 e - a +0 pair of gloves (worn)
 o - a +0 leather armour (worn)
Scrolls
 d - a scroll of fog {unknown}
 f - 3 scrolls of identify {unknown}
 g - a scroll of enchant armour {unknown}
 i - 3 scrolls of immolation {unknown}
 k - 3 scrolls of teleportation {unknown}
 l - 2 scrolls of remove curse {unknown}
 n - a scroll of blinking {unknown}
 q - a scroll of enchant weapon {unknown}
Potions
 h - a potion of haste
 j - a potion of curing {unknown}
 p - a potion of magic {unknown}
 r - a potion of brilliance {unknown}
Comestibles
 c - 4 rations
 m - 4 chunks of flesh


   Skills:
 + Level 4.8 Fighting
 + Level 3.9 Axes
 + Level 2.7 Armour
 + Level 1.0 Dodging
 + Level 2.7 Invocations


You had 3 spell levels left.
You didn't know any spells.

Dungeon Overview and Level Annotations

Branches:
Dungeon (2/15)

Altars:


Message History

The gnoll is severely wounded.
The gnoll barely misses you.
The gnoll hits you from afar with a spear.
You hit the gnoll.
The gnoll is severely wounded.
The gnoll hits you with a halberd! The gnoll completely misses you.
You are too injured to fight recklessly!
You are too injured to fight recklessly!
You are too injured to fight recklessly!
You hit the gnoll.
The gnoll is severely wounded.
The gnoll barely misses you. The gnoll closely misses you.
You hit the gnoll.
The gnoll is almost dead.
The gnoll hits you with a halberd!
* * * LOW HITPOINT WARNING * * *
The gnoll barely misses you.
It was a potion of haste.
You feel yourself speed up. The gnoll hits you but does no damage.
The gnoll hits you with a halberd.
You die...

#.# #..##.... #.#
#.###.... #.#
#.###.... #.#
##.##..... ##.#
#..##..... #..#
#.###.#... #.##
##.###.....
#>######..##......
#@#..........#....
#g#........###....
#g........†# #....
...........# ##...
..................
........###########
........ ........##
..


You could see 2 gnolls.

Vanquished Creatures
  A gnoll (D:2)
  An adder (D:2)
  An ooze (D:2)
  2 worms (D:2)
  5 dart slugs (D:1)
  A ball python (D:1)
  4 bats
  A giant cockroach (D:1)
  A goblin (D:2)
  6 hobgoblins
  A jackal (D:1)
  3 frilled lizards
  6 kobolds (D:1)
  8 rats
41 creatures vanquished.

Vanquished Creatures (others)
  A rat (D:1)
1 creature vanquished.

Grand Total: 42 creatures vanquished

Notes
Turn   | Place    | Note
-------+----------+-------------------------------------------
     0 | Abyss:1  | Borgoz the Hill Orc Abyssal Knight began the quest for the Orb.
     0 | Abyss:1  | Reached XP level 1. HP: 19/19 MP: 2/2
     5 | Abyss:1  | Found a blossoming altar of Fedhas.
    67 | Abyss:1  | Noticed a small abomination
    69 | D:1      | Escaped the Abyss
   160 | D:1      | Reached * piety under Lugonu
   167 | D:1      | Reached skill level 4 in Fighting
   301 | D:1      | Reached XP level 2. HP: 27/27 MP: 3/3
   464 | D:1      | Reached XP level 3. HP: 5/34 MP: 4/4
  1303 | D:2      | Reached ** piety under Lugonu
  1378 | D:2      | Reached skill level 1 in Dodging
  1490 | D:2      | Reached XP level 4. HP: 41/41 MP: 6/6
  1750 | D:2      | Slain by a gnoll

Vault maps used:
D:1:      dpeg_arrival_brainrot, minmay_misc_feat_diagonals
D:2:      minmay_misc_feat_tiny, hex_large, minmay_box_of_dots
Abyss:1:  hangedman_decor_points

Skill      XL: |  1  2  3 |
---------------+----------+-----
Fighting       | 4 |  4.8
Axes           | 3 |  3.9
Dodging        | 1 |  1.0
Armour         | |  2.7
Invocations    | |  2.7

Action                   |  1- 3 |  4- 6 || total
-------------------------+-------+-------++-------
Melee: Hand axe          |   103 |    30 ||   133
Invok: Depart the Abyss  |     1 |       ||     1
  Use: Potion            |       |     1 ||     1
  Eat: Chunk             |     2 |     1 ||     3
Armor: Leather armour    |    39 |     4 ||    43
Dodge: Dodged            |    70 |    20 ||    90

Table legend:
 A = Spawn XP
 B = Non-spawn XP
 C = Spawn XP percentage of total XP
 D = Spawn monster count
 E = Non-spawn monster count
 F = Spawn count percentage of total count
 G = Total turns spent on level
                    A         B        C        D         E        F      G
               +---------+---------+-------+---------+---------+-------+---------
         Total |       0 |     109 |   0.0 |       0 |      41 |   0.0 |  1750
               +---------+---------+-------+---------+---------+-------+---------
           D:1 |       0 |      54 |   0.0 |       0 |      29 |   0.0 |  1165
           D:2 |       0 |      55 |   0.0 |       0 |      12 |   0.0 |   516
               +---------+---------+-------+---------+---------+-------+---------
